 Dungeon Crawl Stone Soup version 0.32-a0-898-g7811c86cf0 (webtiles) character file.

Game seed: 14091081069065490861

452 dialectric the Sneak (level 6, -1/32 HPs)
             Began as a Spriggan Brigand on Apr 4, 2024.
             Slain by a mummy (11 damage)
             ... in an ossuary.
             The game lasted 00:04:31 (3289 turns).

dialectric the Sneak (Spriggan Brigand)             Turns: 3289, Time: 00:04:31

Health: -1/32      AC:  7    Str:  9    XL:     6   Next: 75%
Magic:  7/7        EV: 18    Int: 13    God:
Gold:   139        SH:  0    Dex: 16    Spells: 5/5 levels left

rFire   . . .        a - +2 dagger
rCold   . . .        (no shield)
rNeg    . . .        b - +0 robe
rPois   .            (helmet restricted)
rElec   .            c - +0 cloak
rCorr   +            (gloves unavailable)
SInv    +            (boots unavailable)
Will    +....        m - amulet of the acrobat
Stlth   ++++         g - ring of resist corrosion
HPRegen 0.25/turn    h - +4 ring of protection
MPRegen 0.10/turn

%: acrobat
@: very quick
A: very small, no large weapons, unfitting armour, see invisible, speed 3
a: no special abilities


You were in an ossuary.
You visited 1 branch of the dungeon, and saw 4 of its levels.
You also visited: Ossuary.

You collected 139 gold pieces.

Inventory:

Hand Weapons
 a - a +2 dagger (weapon)
 p - a +0 dagger
 t - a +0 rapier
Missiles
 d - 15 poisoned darts (quivered)
 e - 3 curare-tipped darts
Armour
 b - a +0 robe (worn)
 c - a +0 cloak (worn)
 x - a +0 buckler
Jewellery
 g - a ring of resist corrosion (left hand)
 h - a +4 ring of protection (right hand)
 j - a ring of wizardry
 m - an amulet of the acrobat (around neck)
 w - a +6 ring of dexterity
 A - a +6 ring of strength
Wands
 z - a wand of flame (19)
Scrolls
 f - a scroll of blinking {unknown}
 k - a scroll of summoning {unknown}
 n - a scroll of noise {unknown}
 r - 5 scrolls of identify {unknown}
 y - a scroll of poison {unknown}
Potions
 i - a potion of cancellation {unknown}
 l - a potion of curing
 o - a potion of enlightenment {unknown}
 q - a potion of ambrosia {unknown}
 s - a potion of heal wounds {unknown}
 u - a potion of magic {unknown}
 v - 2 potions of invisibility {unknown}
 B - 2 potions of lignification {unknown}
 C - 2 potions of might {unknown}
 D - 2 potions of berserk rage {unknown}
 E - 2 potions of mutation {unknown}


   Skills:
 + Level 3.1 Fighting
 + Level 4.1 Short Blades
 - Level 3.0 Throwing
 * Level 5.3 Dodging
 - Level 7.0 Stealth


You had 5 spell levels left.
You didn't know any spells.
Your spell library was empty.

Dungeon Overview and Level Annotations

Branches:
Dungeon (4/15)            Ossuary (1/1)
 Temple: D:4-7

Altars:
Hepliaklqana


Innate Abilities, Weirdness & Mutations

You are very small and have problems with some larger weapons.
You are too small for most types of armour.
You have supernaturally acute eyesight. (SInv)
You cover ground extremely quickly. (Speed+++)


Message History

You hit the mummy.
The mummy is lightly damaged.
You hit the mummy but do no damage.
The mummy is lightly damaged.
The mummy completely misses you.
You hit the mummy.
The mummy is lightly damaged.
You hit the mummy.
The mummy is lightly damaged.
The mummy misses you.
You hit the mummy.
The mummy is moderately damaged.
You hit the mummy.
The mummy is moderately damaged.
The mummy completely misses you.
You hit the mummy.
The mummy is heavily damaged.
You hit the mummy.
The mummy is heavily damaged.
You hit the mummy but do no damage.
The mummy is heavily damaged.
The mummy hits you!
You are too injured to fight recklessly!
You are too injured to fight recklessly!
You are too injured to fight recklessly!
You are too injured to fight recklessly!
You are too injured to fight recklessly!
You are too injured to fight recklessly!
You are too injured to fight recklessly!
You closely miss the mummy.
The mummy is heavily damaged.
You hit the mummy but do no damage.
The mummy is heavily damaged.
The mummy hits you but does no damage.
You hit the mummy.
The mummy is severely damaged.
You barely miss the mummy.
The mummy is severely damaged.
The mummy hits you!
You die...

#.........∩Z.......
#..........M.......
#...##############.
#...#...#...# #.
#...#...#...####.#.
#...####'........#.
#...#.....∩.######.
#.M.#.......#....#.
#.@.#.......#..#.#.
#...#.......####.#.
#...#............#.
#...#.####..####.#.
#...#. #..#..#.#.
#...# #..#....#.
#...######..######.
#..................
#........ß..ß......


You could see a mummy.

Vanquished Creatures
  An elf zombie (Ossuary)
  A centaur zombie (Ossuary)
  2 human zombies (Ossuary)
  Crazy Yiuf (D:2)
  7 hound zombies
  2 hound skeletons (D:4)
  A mummy (Ossuary)
  Robin (D:2)
  2 adders (D:2)
  An adder skeleton (D:4)
  2 adder zombies (Ossuary)
  3 dart slugs
  5 endoplasms
  2 giant cockroaches (D:1)
  7 gnoll zombies (Ossuary)
  15 goblins
  7 hobgoblins
  3 quokkas
  2 ball pythons
  4 bats
  7 jackal zombies (Ossuary)
  6 kobolds
  4 kobold zombies (Ossuary)
  7 orc zombies (Ossuary)
  4 rats
97 creatures vanquished.

Notes
Turn   | Place    | Note
-------+----------+-------------------------------------------
     0 | D:1      | dialectric the Spriggan Brigand began the quest for the
                  | Orb.
     0 | D:1      | Reached XP level 1. HP: 10/10 MP: 2/2
    98 | D:1      | Reached skill level 6 in Stealth
   126 | D:1      | Reached XP level 2. HP: 14/15 MP: 3/3
   897 | D:2      | Reached XP level 3. HP: 18/18 MP: 4/4
  1164 | D:2      | Noticed Robin
  1430 | D:2      | Noticed Crazy Yiuf
  1430 | D:2      | Found a runed translucent door.
  1467 | D:2      | Reached XP level 4. HP: 23/23 MP: 5/5
  1870 | D:2      | Killed Robin
  2112 | D:2      | Found a hazy altar of Hepliaklqana.
  2211 | D:2      | Killed Crazy Yiuf
  2388 | D:4      | Reached XP level 5. HP: 26/27 MP: 6/6
  2421 | D:4      | Found a sand-covered staircase.
  2434 | Ossuary  | Entered an ossuary
  2483 | Ossuary  | Reached skill level 7 in Stealth
  2618 | Ossuary  | Reached XP level 6. HP: 27/32 MP: 7/7
  3231 | Ossuary  | Reached skill level 5 in Dodging
  3289 | Ossuary  | Slain by a mummy

Illustrated notes

Levels and vault maps discovered:
D:1:      dpeg_arrival_signposts, layout_basic
D:2:      layout_basic, serial_aquarium, aquarium_bridge_straight
          [aquarium_subvault_bridge, aquarium_subvault_balcony,
          aquarium_subvault_bridge, aquarium_subvault_wall],
          aquarium_bridge_square [aquarium_subvault_bridge,
          aquarium_subvault_window, aquarium_subvault_bridge,
          aquarium_subvault_wall], aquarium_window_corridor_2,
          aquarium_window_1, aquarium_window_1, aquarium_window_fake,
          aquarium_view_2b, aquarium_view_2f, aquarium_balcony_5b, basic_altar,
          uniq_crazy_yiuf_cottage, uniq_robin
D:3:      layout_basic, minmay_misc_feat_four_crosses
D:4:      layout_loops_corners, mainiacjoe_overflow_alcove_2,
          mainiacjoe_ossuary_entry_find_the_door, serial_bayou,
          serial_bayou_lake_a, serial_bayou_pond_d, serial_bayou_pond_e,
          serial_bayou_pond_a, serial_bayou_pond_d, st_stairs_10,
          minmay_pentangle, uniq_sigmund
Ossuary:  ossuary_tomb_1

Skill      XL: |  1  2  3  4  5  6 |
---------------+-------------------+-----
Stealth        | 6 7 |  7.0
Dodging        | 2 3 4 5 |  5.3
Fighting       | 2 3 |  3.1
Short Blades   | 3 4 |  4.1
Throwing       | 3 |  3.0

Action                     |  1- 3 |  4- 6 || total
---------------------------+-------+-------++-------
  Melee: Dagger            |    98 |   428 ||   526
    Use: Potion            |       |     1 ||     1
   Stab: Sleeping          |    18 |     7 ||    25
         Distracted        |       |     1 ||     1
 Armour: Robe              |    21 |   167 ||   188
  Dodge: Dodged            |    52 |   315 ||   367

Table legend: (Time is in decaauts)
 A = Elapsed time spent in this place.
 B = Non-inter-level travel time spent in this place.
 C = Inter-level travel time spent in this place.
 D = Time resting spent in this place.
 E = Time spent auto-exploring this place.
 F = Levels seen in this place.
 G = Mean time per level.
                   A        B        C        D        E       F      G
               +--------+--------+--------+--------+--------+-----+--------+
         Total |   2239 |   2128 |    111 |    131 |   1110 |   5 |  447.8 |
       Dungeon |   1600 |   1489 |    111 |     49 |   1046 |   4 |  400.0 |
       Ossuary |    638 |    638 |      0 |     82 |     64 |   1 |  638.0 |
               +--------+--------+--------+--------+--------+-----+--------+

Top non-repeatable levels by time:
     D:2: 677 daAuts
     D:1: 647 daAuts
 Ossuary: 638 daAuts
     D:3: 207 daAuts
     D:4: 68 daAuts
